 Dungeon Crawl Stone Soup version 0.29-a0-719-g0fec994a2d (webtiles) character file.

Game seed: 16949939695049004470

77 CrazyBamboolord the Shooter (level 4, -1/35 HPs)
             Began as a Barachi Hunter on June 27, 2022.
             Slain by Sigmund
             ... wielding a +1 scythe of venom
              (11 damage)
             ... on level 3 of the Dungeon.
             The game lasted 00:04:37 (1981 turns).

CrazyBamboolord the Shooter (Barachi Hunter)        Turns: 1981, Time: 00:04:38

Health: -1/35      AC:  3    Str: 12    XL:     4   Next: 33%
Magic:  4/4        EV: 12    Int: 10    God:
Gold:   59         SH:  0    Dex: 17    Spells: 3/3 levels left

rFire   . . .      SeeInvis .   a - +0 shortbow
rCold   . . .      Faith    .   (shield currently unavailable)
rNeg    . . .      Spirit   .   c - +0 leather armour
rPois   .          Reflect  .   (no helmet)
rElec   .          Harm     .   (no cloak)
rCorr   .          Rampage  .   (no gloves)
Will    .....                   (no boots)
Stlth   ++........              (no amulet)
HPRegen 0.11/turn               (no ring)
MPRegen 0.09/turn               (no ring)

@: lethally poisoned (-1 -> -21), slow
A: amphibious, slowness 1, strong legs 1, +LOS
a: Hop


You were on level 3 of the Dungeon.
You visited 1 branch of the dungeon, and saw 3 of its levels.

You collected 59 gold pieces.

Inventory:

Hand Weapons
 a - a +0 shortbow (weapon)
Armour
 c - a +0 leather armour (worn)
Jewellery
 l - an amulet of regeneration
Scrolls
 b - 2 scrolls of immolation
 d - a scroll of enchant armour
 f - a scroll of poison
 g - a scroll of teleportation {unknown}
 j - a scroll of silence {unknown}
 k - a scroll of magic mapping {unknown}
Potions
 e - a potion of invisibility {unknown}
 h - a potion of magic
 i - 2 potions of berserk rage
 m - 2 potions of attraction {unknown}
 n - a potion of curing {unknown}
 o - a potion of haste {unknown}
 p - a potion of mutation {unknown}


   Skills:
 * Level 3.0 Fighting
 * Level 5.2 Ranged Weapons
 * Level 0.8 Armour
 * Level 2.6 Dodging
 + Level 0.9 Stealth


You had 3 spell levels left.
You didn't know any spells.
Your spell library was empty.

Dungeon Overview and Level Annotations

Branches:
Dungeon (3/15)

Altars:

Shops:
D:1 *

Annotations:
D:3 Sigmund


Innate Abilities, Weirdness & Mutations

You are amphibious.
You cover ground slowly.
You can hop short distances.
You have an extended range of vision and can be seen from far away.


Message History

Sigmund and a giant cockroach come into view.
Sigmund is wielding a +1 scythe of venom and wearing a +2 robe of positive energy.
Found 2 gold pieces.
Sigmund shouts!
Sigmund gestures at you while chanting. The magic dart hits you.
There is a stone staircase leading up here.
You shoot an arrow. The arrow hits Sigmund.
Sigmund is lightly wounded.
Sigmund casts a spell at you. The puff of flame misses you.
You shoot an arrow. The arrow closely misses Sigmund.
The arrow hits the giant cockroach.
The giant cockroach is almost dead.
Sigmund closely misses you.
You shoot an arrow. The arrow hits the giant cockroach.
You kill the giant cockroach!
Sigmund closely misses you.
You shoot an arrow. The arrow hits Sigmund.
Sigmund is moderately wounded.
You shoot an arrow. The arrow barely misses Sigmund.
Sigmund gestures at you while chanting. You resist with some effort.
Sigmund closely misses you.
You shoot an arrow. The arrow hits Sigmund!
Sigmund is heavily wounded.
Sigmund misses you.
You shoot an arrow. The arrow closely misses Sigmund.
You shoot an arrow. The arrow hits Sigmund.
Sigmund is severely wounded.
Sigmund hits you from afar with a +1 scythe of venom.
You are poisoned.
You shoot an arrow. The arrow closely misses Sigmund.
You feel very sick.
Sigmund hits you from afar with a +1 scythe of venom!
You are lethally poisoned!
You are too injured to fight recklessly!
* * * LOW HITPOINT WARNING * * *
You feel very sick.
Sigmund hits you from afar with a +1 scythe of venom!
You die...

............
.##.........$
...........#
#!.$......
#....B... #....@..
.. #....$. ..#.
#..#..######......
#....@†@....#
#.###.#####.# #
#....# ####.....
....# ...# ..# .#
#


You could see Sigmund.

Vanquished Creatures
  2 adders (D:2)
  A worm (D:1)
  3 dart slugs
  3 bats (D:1)
  6 endoplasms
  3 giant cockroaches
  6 goblins
  5 hobgoblins
  2 jackals (D:1)
  3 kobolds
  3 ball pythons
  3 frilled lizards (D:1)
  7 rats
47 creatures vanquished.

Notes
Turn   | Place    | Note
-------+----------+-------------------------------------------
     0 | D:1      | CrazyBamboolord the Barachi Hunter began the quest for the
                  | Orb.
     0 | D:1      | Reached XP level 1. HP: 17/17 MP: 1/1
    57 | D:1      | Reached XP level 2. HP: 23/23 MP: 2/2
   378 | D:1      | Reached XP level 3. HP: 27/28 MP: 3/3
   422 | D:1      | Found Awaec's General Store.
  1122 | D:2      | Reached skill level 5 in Ranged Weapons
  1273 | D:2      | Reached XP level 4. HP: 23/34 MP: 4/4
  1420 | D:2      | Found a faded altar of an unknown god.
  1967 | D:3      | Noticed Sigmund
  1981 | D:3      | Slain by Sigmund

Illustrated notes

Levels and vault maps discovered:
D:1:      onia_arrival_handbag, layout_basic, serial_shops,
          nicolae_diamond_shop, corexii_leaking_fountain,
          chequers_serial_rivers_large_a, minmay_misc_feat_ornament
D:2:      layout_loops_ring, ebering_ecumenical_altar_hall,
          grunt_decor_arrowhead, amcnicky_mini_rare_corridor_liquid,
          minmay_liquid_box
D:3:      layout_rooms, hellmonk_ghost_happy_afterlife, uniq_sigmund

Skill      XL: |  1  2  3  4 |
---------------+-------------+-----
Ranged Weapons | 5 |  5.2
Fighting       | 3 |  3.0
Armour         | |  0.8
Dodging        | |  2.6
Stealth        | |  0.9

Action                   |  1- 3 |  4- 6 || total
-------------------------+-------+-------++-------
 Fire: Shortbow          |   103 |    20 ||   123
 Abil: Hop               |     2 |       ||     2
  Use: Scroll            |     4 |       ||     4
Armor: Leather armour    |    10 |     1 ||    11
Dodge: Dodged            |    39 |     6 ||    45

Table legend: (Time is in decaauts)
 A = Elapsed time spent in this place.
 B = Non-inter-level travel time spent in this place.
 C = Inter-level travel time spent in this place.
 D = Time resting spent in this place.
 E = Time spent auto-exploring this place.
 F = Levels seen in this place.
 G = Mean time per level.
                   A        B        C        D        E       F      G
               +--------+--------+--------+--------+--------+-----+--------+
         Total |   2288 |   2227 |     61 |      0 |   1936 |   3 |  762.7 |
       Dungeon |   2288 |   2227 |     61 |      0 |   1936 |   3 |  762.7 |
               +--------+--------+--------+--------+--------+-----+--------+

Top non-repeatable levels by time:
     D:1: 1159 daAuts
     D:2: 1106 daAuts
     D:3: 23 daAuts
